Map: Ephemeron LE

Players

Kelazhur - Winner!

  • Race: Terran Terran
  • League: Master
  • Spawn Location: 11:00

BlyOnFire (Bly)

  • Race: Zerg Zerg
  • League: Grandmaster
  • Spawn Location: 5:00

Event: HomeStory Cup XX

VOD

Have the link to the VOD?

Description

Time

  • Played on: Nov. 22, 2019, 4:33 p.m.
  • Length: 9:22

All games in this series

Show
View Real Time Build Order
Export as new Build Order

Kelazhur Terran - Winner!

Build Orders: Hellion Opening, Reaper Expand 

Get SALT Encoding   

  12  0:00  SCV  
  13  0:12  SCV  
  14  0:17  Supply Depot  
  14  0:25  SCV  
  15  0:38  SCV  
  15  0:39  Barracks  
  16  0:43  Refinery  
  16  0:50  SCV  
  17  1:02  SCV  
  18  1:15  SCV  
  19  1:25  Reaper  
  19  1:27  Orbital Command  
  20  1:40  Command Center  
  20  1:49  Supply Depot  
  20  1:52  SCV  
  21  1:57  Marine  
  22  2:04  SCV  
  23  2:09  Factory  
  23  2:18  SCV  
  23  2:19  Refinery  
  23  2:20  Barracks Reactor  
  23  2:31  SCV  
  24  2:46  SCV  
  25  2:52  Orbital Command  
  25  2:56  Starport  
  25  2:59  SCV  
  25  3:03  Hellion x2  
  30  3:08  Barracks Tech Lab  
  30  3:16  SCV  
  30  3:18  SCV  
  32  3:25  Hellion x2  
  36  3:28  SCV  
  36  3:30  Marine, SCV  
  36  3:33  Fusion Core  
  39  3:38  Supply Depot  
  39  3:40  SCV  
  40  3:42  SCV  
  41  3:52  SCV  
  41  3:54  SCV  
  41  3:57  Hellion x2  
  42  4:04  SCV  
  42  4:07  SCV  
  42  4:16  SCV  
  43  4:19  SCV  
  43  4:22  Battlecruiser  
  50  4:28  SCV  
  50  4:31  Supply Depot  
  51  4:32  Hellion  
  51  4:35  SCV  
  54  4:49  SCV  
  54  4:51  SCV  
  54  4:54  Supply Depot  
  54  4:58  Hellion x2  
  58  5:01  SCV  
  58  5:03  SCV  
  60  5:09  Command Center  
  60  5:13  SCV  
  60  5:22  SCV  
  60  5:23  Hellion x2  
  60  5:25  SCV  
  66  5:34  Supply Depot  
  66  5:38  Battlecruiser  
  69  5:43  SCV  
  69  5:47  SCV  
  68  5:50  Hellion x2  
  68  5:56  SCV  
  70  6:01  Armory  
  70  6:02  Supply Depot  
  70  6:12  SCV  
  70  6:15  SCV  
  69  6:20  Marine  
  69  6:24  Hellion x2, SCV  
  73  6:27  Supply Depot, SCV  
  67  6:36  SCV  
  67  6:39  SCV  
  64  6:44  Battlecruiser  
  64  6:45  Hellion x2  
  74  6:48  SCV  
  74  6:51  SCV  
  71  7:00  Command Center, SCV  
  68  7:04  SCV  
  65  7:10  Supply Depot  
  65  7:22  SCV x2  
  67  7:24  Supply Depot  
  67  7:30  Supply Depot  
  67  7:34  SCV  
  68  7:37  Hellion x6  
  68  7:43  SCV  
  69  7:48  SCV  
  70  7:55  Hellion x2  
  70  7:56  SCV  
  75  8:00  SCV  
  76  8:09  Factory x2  
  76  8:10  Refinery  
  76  8:11  Refinery  
  76  8:12  Supply Depot  
  76  8:23  Orbital Command  
  76  8:32  SCV  
  77  8:36  Hellion  
  77  8:37  Hellion  
  81  8:55  SCV  
  81  9:00  Hellion x2  
  81  9:01  Factory Tech Lab x2, SCV  
  76  9:20  Supply Depot  
Show
View Real Time Build Order
Export as new Build Order

BlyOnFire Zerg 

Build Orders: Hatch First 

Get SALT Encoding   

  12  0:01  Drone  
  13  0:13  Overlord  
  13  0:17  Drone  
  14  0:32  Drone x2  
  16  0:48  Hatchery  
  15  0:52  Drone  
  15  0:55  Drone  
  17  0:59  Drone  
  18  1:10  Extractor  
  17  1:14  Spawning Pool  
  17  1:17  Drone  
  17  1:21  Drone  
  18  1:29  Drone  
  20  1:40  Drone  
  20  1:52  Overlord  
  20  2:01  Queen x2  
  20  2:03  Zergling x4  
  26  2:12  Drone x2  
  26  2:14  Metabolic Boost  
  28  2:19  Extractor  
  27  2:23  Drone x2  
  29  2:41  Spore Crawler  
  29  2:43  Hatchery  
  26  2:46  Drone x2  
  26  2:50  Queen  
  31  2:54  Drone  
  31  2:55  Drone  
  33  2:59  Overlord  
  33  3:07  Zergling x4  
  33  3:11  Spore Crawler  
  34  3:15  Extractor  
  34  3:16  Drone x3  
  34  3:19  Drone x2  
  39  3:24  Drone  
  40  3:35  Zergling x2  
  40  3:39  Zergling x4  
  43  3:50  Spore Crawler  
  43  3:51  Zergling x4  
  39  4:03  Drone x8  
  46  4:12  Lair  
  46  4:15  Drone x3  
  48  4:25  Drone  
  48  4:26  Drone  
  48  4:30  Overlord x2  
  50  4:43  Overlord  
  50  4:52  Zergling x26  
  60  4:57  Queen  
  60  4:58  Overlord  
  60  5:08  Spore Crawler  
  60  5:09  Spore Crawler  
  60  5:10  Spore Crawler  
  57  5:14  Nydus Network  
  57  5:17  Queen  
  58  5:21  Zergling x12  
  60  5:45  Zergling x26  
  67  5:50  Nydus Canal  
  67  5:56  Queen  
  66  6:01  Zergling x8  
  70  6:07  Nydus Canal  
  70  6:16  Zergling x2  
  70  6:17  Zergling x6  
  74  6:20  Overlord  
  74  6:22  Roach Warren  
  69  6:29  Nydus Canal  
  62  6:34  Zergling x12  
  43  7:07  Roach  
  43  7:08  Roach x11  
  58  7:13  Overseer  
  58  7:18  Spore Crawler  
  58  7:19  Spore Crawler  
  58  7:22  Overseer  
  56  7:26  Extractor  
  56  7:29  Drone  
  56  7:32  Nydus Canal  
  54  7:43  Spore Crawler  
  51  7:49  Nydus Canal  
  38  7:56  Spore Crawler  
  35  8:05  Roach x3  
  40  8:06  Roach x2  
  40  8:09  Overseer  
  44  8:18  Nydus Canal  
  44  8:35  Nydus Canal  
  44  8:43  Zergling x12  
  44  8:45  Zergling x4  
  47  9:06  Drone x2  
  47  9:08  Extractor  
Tags
 
Add a new tag
Caveats
  • Supply blocks, unpowered buildings, or Contaminate may cause inaccurate times.
  • Supply counts are checked every 10 seconds.